 Dungeon Crawl Stone Soup version 0.17.2-1-ge4368a0 (webtiles) character file.

83 magog001 the Bolt Thrower (level 4, -3/33 HPs)
             Began as a Formicid Hunter on Nov 10, 2016.
             Slain by a gnoll
             ... wielding a +0 spear
              (8 damage)
             ... on level 3 of the Dungeon.
             The game lasted 00:19:35 (2946 turns).

magog001 the Bolt Thrower (Formicid Hunter)         Turns: 2946, Time: 00:19:35

Health: -3/33      AC:  3    Str: 18    XL:     4   Next: 71%
Magic:  4/4        EV: 12    Int: 10    God:
Gold:   159        SH:  0    Dex: 11    Spells: 0 memorised, 3 levels left

rFire  . . .     SeeInvis +     g - +0 mace
rCold  + . .     Clarity  .     c - +0 leather armour
rNeg   . . .     SustAt   .     (no shield)
rPois  .         Gourm    +     (helmet unavailable)
rElec  .         Spirit   .     (no cloak)
rCorr  .         Warding  .     (no gloves)
rMut   .         Stasis   +     (no boots)
MR     .....                    u - amulet of the gourmand
Stlth  +.........               n - ring of protection from fire
                                m - ring of ice

@: not resistant to hostile enchantments, very unstealthy
A: permanent stasis, dig shafts and tunnels, four strong arms, antennae 3,
hooves 1, evolution 1
a: Dig, Shaft Self


You were on level 3 of the Dungeon.
You were not hungry.

You visited 1 branch of the dungeon, and saw 3 of its levels.

You collected 159 gold pieces.

Inventory:

Hand Weapons
 a - a +1 hand crossbow
 g - a +0 mace (weapon)
Missiles
 o - 42 sling bullets
Armour
 c - a +0 leather armour (worn)
 f - a +0 leather armour
 i - a +0 buckler
 k - a +0 chain mail
 v - a +0 leather armour
Jewellery
 m - a ring of ice (left hand)
 n - a ring of protection from fire (right hand)
 u - an amulet of the gourmand (around neck)
Scrolls
 d - a scroll of identify
Potions
 b - a potion of lignification {unknown}
 j - a potion of cure mutation {unknown}
 l - a potion of ambrosia {unknown}
 p - a potion of invisibility {unknown}
 q - a potion of curing {unknown}
 r - a potion of flight {unknown}
Comestibles
 e - 3 bread rations
 w - a beef jerky


   Skills:
 + Level 2.1 Fighting
 * Level 5.3 Crossbows
 * Level 1.0 Armour
 * Level 2.3 Dodging
 + Level 1.4 Stealth


You had 3 spell levels left.
You didn't know any spells.

Dungeon Overview and Level Annotations

Branches:
Dungeon (3/15)

Altars:
The Shining One


Innate Abilities, Weirdness & Mutations

You are under a permanent stasis effect.
You can dig through walls and to a lower floor.
Your four strong arms can wield two-handed weapons with a shield.
You have a pair of large antennae on your head (SInv).
You have large cloven feet.
You evolve.


Message History

As you read the scroll labeled XUHADGH KOYRUY, it crumbles to dust.
You hear a loud clanging noise!
It was a scroll of noise.
A gnoll comes into view. It is wielding a spear.
A giant cockroach comes into view.
The gnoll hits you from afar with a spear.
The gnoll hits you but does no damage.
You completely miss the gnoll. Your kick misses the gnoll.
The gnoll hits you with a spear.
You hit the gnoll. You kick the gnoll, but do no damage.
The gnoll is moderately wounded.
The gnoll hits you with a spear. The gnoll hits you with a spear!
You hit the gnoll.
The gnoll is heavily wounded.
The gnoll hits you with a spear!
* * * LOW HITPOINT WARNING * * *
You hit the gnoll.
The gnoll is severely wounded.
The gnoll hits you with a spear!
You die... #....#####..#.#..# #.......#P..#.#..P ##.......#####.#... #.##........s..{{.#... #...........#######.PP #s.)....#P..PPP... #.#)#...##....P{.# #g#.# ..# PP..

####@#.##############
#.............##.....
######.#..####..##.....
#......#..# #.........
####...#..# ##.#.#.###
#.#.#..# #.#.#.#
#.#.#..# ###.#.#..
#.#.#..##[.....#.##
#................#


You could see a gnoll and a giant cockroach.

Vanquished Creatures
  3 adders
  2 worms
  3 orcs (D:3)
  5 bats
  A giant cockroach (D:3)
  6 hobgoblins
  9 kobolds
  A quokka (D:2)
  3 giant geckos
  4 giant newts
  3 goblins
  7 rats
47 creatures vanquished.

Notes
Turn   | Place    | Note
--------------------------------------------------------------
     0 | D:1      | magog001 the Formicid Hunter began the quest for the Orb.
     0 | D:1      | Reached XP level 1. HP: 16/16 MP: 1/1
    97 | D:1      | Reached XP level 2. HP: 22/22 MP: 2/2
   847 | D:2      | Reached XP level 3. HP: 24/27 MP: 3/3
  1307 | D:2      | Found a glowing golden altar of the Shining One.
  1705 | D:2      | Reached XP level 4. HP: 13/33 MP: 4/4
  1956 | D:2      | Reached skill level 5 in Crossbows
  2510 | D:3      | Gained mutation: You have large cloven feet. [potion of beneficial mutation]
  2511 | D:3      | Gained mutation: You evolve. [potion of beneficial mutation]
  2527 | D:3      | Reached skill level 1 in Armour
  2946 | D:3      | Slain by a gnoll

Action                   |  1- 3 |  4- 6 || total
-------------------------+-------+-------++-------
Melee: Hand axe          |    12 |    26 ||    38
       Short sword       |       |    26 ||    26
       Mace              |       |    22 ||    22
 Fire: Hand crossbow     |    67 |    18 ||    85
 Abil: Dig               |     4 |       ||     4
  Use: Scroll            |       |     5 ||     5
       Potion            |       |     2 ||     2
  Eat: Chunk             |     4 |     8 ||    12
